 Dungeon Crawl Stone Soup version 0.26-a0-818-g75db068ed4 (webtiles) character file.

Game seed: 4466864303147044307

1444 jiml777 the Thaumaturge (level 8, -5/41 HPs)
             Began as a Deep Elf Air Elementalist on Nov 15, 2020.
             Killed from afar by Maggie (13 damage)
             ... with a bolt of fire
             ... on level 6 of the Dungeon.
             The game lasted 00:51:32 (6607 turns).

jiml777 the Thaumaturge (Deep Elf Air Elementalist) Turns: 6607, Time: 00:51:33

Health: -5/41      AC:  4    Str:  5      XL:     8   Next: 46%
Magic:  1/23       EV: 14    Int: 23      God:
Gold:   311        SH:  0    Dex: 20 (21) Spells: 11/26 levels left

rFire    . . .     SeeInvis .   j - +0 dagger (venom)
rCold    . . .     Faith    .   (no shield)
rNeg     . . .     Spirit   .   w - +0 robe
rPois    .         Reflect  .   n - +0 helmet
rElec    .         Harm     .   B - scarf {repulsion}
rCorr    .         Rampage  .   D - +0 pair of gloves
MR       .....                  (no boots)
Stlth    +++.......             g - amulet of the acrobat
HPRegen  0.13/turn              m - +6 ring of dexterity
MPRegen  0.18/turn              (no ring)

@: marked, hasted, repel missiles, very quick
A: no striking features
a: no special abilities


You were on level 6 of the Dungeon.
You visited 1 branch of the dungeon, and saw 6 of its levels.
You also visited: Sewer.

You collected 311 gold pieces.

Inventory:

Hand Weapons
 f - a +1 dagger
 j - a +0 dagger of venom (weapon)
Missiles
 p - 20 poisoned darts (quivered)
 x - 13 arrows
Armour
 n - a +0 helmet (worn)
 w - a +0 robe (worn)
 z - a +0 cloak
 B - a scarf of repulsion (worn)
 D - a +0 pair of gloves (worn)
Jewellery
 b - an uncursed amulet of faith
 g - an amulet of the acrobat (around neck)
 m - a +6 ring of dexterity (left hand)
 C - an uncursed ring of ice
Scrolls
 a - 3 scrolls of remove curse
 c - a scroll of amnesia
 d - 4 scrolls of immolation
 e - 2 scrolls of fear
 i - 10 scrolls of teleportation
 o - 2 scrolls of fog
 y - a scroll of enchant armour {unknown}
 F - a scroll of magic mapping
Potions
 h - a potion of mutation {unknown}
 k - a potion of flight {unknown}
 l - a potion of cancellation {unknown}
 q - a potion of berserk rage {unknown}
 r - a potion of haste
 s - 2 potions of magic
 t - 2 potions of brilliance {unknown}
 u - a potion of degeneration {unknown}
 v - a potion of lignification {unknown}
 A - 2 potions of might


   Skills:
 + Level 0.2 Fighting
 + Level 3.0 Dodging
 + Level 3.4 Stealth
 + Level 9.6 Spellcasting
 + Level 3.3 Conjurations
 + Level 7.3 Air Magic


You had 11 spell levels left.
You knew the following spells:

 Your Spells              Type           Power        Failure   Level
a - Shock                 Conj/Air       ####         1%          1
b - Swiftness             Air            #####...     1%          2
c - Static Discharge      Conj/Air       #####...     1%          3
d - Airstrike             Air            #####.....   2%          4
e - Lightning Bolt        Conj/Air       #####.....   19%         5

Your spell library contained the following spells:

 Spells                   Type           Power        Failure   Level


Dungeon Overview and Level Annotations

Branches:
Dungeon (6/15)              Sewer (visited)
 Temple: D:4-7

Altars:
Dithmenos
Okawaru
Ru

Annotations:
D:6 Maggie


Message History

* * * LOW HITPOINT WARNING * * *
You feel much better. Maggie gestures at you while chanting.
The bolt of fire hits you!!
Your magical contamination has completely faded away.
Casting: Shock (safe; 1% risk of failure)
Confirm with . or Enter, or press ? or * to list all spells.
Aiming: Shock (safe; 1% risk of failure)
Press: ? - help, Shift-Dir - straight line The zap hits Maggie!
Maggie is almost dead.
The zap hits Maggie.
Maggie is almost dead.
A worker ant comes into view.
Maggie hits you from afar with a +0 halberd!
* * * LOW HITPOINT WARNING * * *
You feel yourself speed up.
Maggie points at you and mumbles some strange words.
The bolt of fire hits you!
You die...

.###########
...........#
##.....#.#####
#.....#.)..<# ##
###'#.####### ..
#.#........
#.#####.#########
.#+#...@.B.#
........####
........@......
........###.##.
.....(..#
........#
........#
........#
........#


You could see Maggie and a worker ant.

Vanquished Creatures
  The ghost of Meejax the Slasher, an amateur DsGl of Sif Muna (D:3)
  An ice beast (D:5)
  A black bear (D:2)
  2 bullfrogs (Sewer)
  3 wights (D:3)
  3 quasits (D:3)
  A centaur zombie (D:4)
  A hound (D:4)
  3 orc priests
  A centaur skeleton (D:4)
  Jessica (D:2)
  Terence (D:2)
  6 orc wizards
  4 worker ants (D:4)
  A hound skeleton (D:5)
  11 adders
  3 river rats (Sewer)
  A white imp (D:6)
  An ooze (Sewer)
  An adder skeleton (D:4)
  2 worms
  A dart slug (D:1)
  2 leopard geckos
  13 orcs
  12 ball pythons
  8 giant cockroaches
  16 hobgoblins
  4 jackals (D:4)
  9 kobolds
  4 quokkas
  7 bats
  10 frilled lizards
  12 goblins
  A quokka zombie (D:5)
  35 rats
183 creatures vanquished.

Notes
Turn   | Place    | Note
-------+----------+-------------------------------------------
     0 | D:1      | jiml777 the Deep Elf Air Elementalist began the quest for
                  | the Orb.
     0 | D:1      | Reached XP level 1. HP: 10/10 MP: 6/6
   293 | D:1      | Reached XP level 2. HP: 15/15 MP: 6/8
   522 | D:1      | Learned a level 2 spell: Swiftness
  1061 | D:1      | Reached XP level 3. HP: 19/19 MP: 3/10
  1370 | D:1      | Learned a level 3 spell: Static Discharge
  1797 | D:2      | Noticed a black bear
  1865 | D:2      | Killed a black bear
  1866 | D:2      | Reached skill level 5 in Spellcasting
  1866 | D:2      | Reached XP level 4. HP: 24/24 MP: 4/13
  1871 | D:2      | Learned a level 4 spell: Airstrike
  1982 | D:2      | Reached XP level 5. HP: 18/28 MP: 9/14
  2265 | D:2      | Noticed Terence
  2275 | D:2      | Killed Terence
  2446 | D:2      | Noticed Jessica
  2449 | D:2      | Killed Jessica
  2690 | D:3      | Reached skill level 6 in Spellcasting
  2767 | D:3      | Reached XP level 6. HP: 16/32 MP: 7/17
  3172 | D:3      | Found a transporter.
  3201 | D:3      | Reached skill level 7 in Spellcasting
  3306 | D:3      | You fall into a shaft and drop 2 floors!
  3306 | D:5      | Entered Level 5 of the Dungeon
  3378 | D:5      | Found a shadowy altar of Dithmenos.
  3579 | D:4      | Found an iron altar of Okawaru.
  3586 | D:4      | Reached skill level 5 in Air Magic
  3806 | D:4      | Found a glowing drain.
  3810 | Sewer    | Entered a sewer
  3832 | Sewer    | Reached XP level 7. HP: 36/36 MP: 14/20
  4345 | Sewer    | Reached skill level 8 in Spellcasting
  4854 | D:3      | Found a transporter.
  4854 | D:3      | Noticed Meejax's ghost (amateur DsGl)
  5017 | D:3      | Killed Meejax's ghost
  5018 | D:3      | Reached XP level 8. HP: 31/41 MP: 5/22
  5262 | D:4      | Reached skill level 9 in Spellcasting
  5559 | D:4      | Learned a level 5 spell: Lightning Bolt
  6488 | D:5      | Found a sacrificial altar of Ru.
  6595 | D:6      | Noticed Maggie
  6604 | D:6      | HP: 2/41 [Maggie/+0 halberd (12)]
  6607 | D:6      | Killed from afar by Maggie

Illustrated notes

Levels and vault maps discovered:
D:1:      evilmike_arrival_plus, layout_basic, minmay_pentomino_w4
D:2:      layout_loops_ring, minivault_11, kennysheep_generic_room_13,
          uniq_jessica, uniq_terence
D:3:      layout_basic, gammafunk_ghost_stat_death
D:4:      layout_rooms, okawaru_ov_weapons_minmay, gup_sewer_entry_bowl
D:5:      layout_rooms, grunt_dithmenos_smoke, kennysheep_pointless_box,
          minivault_24, nicolae_ru_path_of_blood
D:6:      lemuel_upstairs_altar, layout_basic,
          nemelex_xobeh_ov_fountains_minmay,
          nicolae_gozag_cash_rules_everything_around_me, hangedman_decor_points,
          kennysheep_potato, uniq_maggie

Skill      XL: |  1  2  3  4  5  6  7  8 |
---------------+-------------------------+-----
Spellcasting   | 5 6 7 8 9 |  9.6
Conjurations   | 2 3 |  3.3
Air Magic      | 4 5 6 7 |  7.3
Stealth        | 3 |  3.4
Dodging        | 3 |  3.0
Fighting       | |  0.2

Action                   |  1- 3 |  4- 6 |  7- 9 || total
-------------------------+-------+-------+-------++-------
Melee: Dagger            |       |       |     1 ||     1
 Cast: Shock             |    83 |    69 |    96 ||   248
       Airstrike         |       |    23 |    51 ||    74
  Use: Scroll            |       |     4 |     9 ||    13
       Potion            |       |       |    11 ||    11
Armor: Robe              |     1 |     1 |    19 ||    21
Dodge: Dodged            |    23 |    23 |    65 ||   111

Table legend: (Time is in decaauts)
 A = Elapsed time spent in this place.
 B = Non-inter-level travel time spent in this place.
 C = Inter-level travel time spent in this place.
 D = Time resting spent in this place.
 E = Time spent auto-exploring this place.
 F = Levels seen in this place.
 G = Mean time per level.
                   A        B        C        D        E       F      G
               +--------+--------+--------+--------+--------+-----+--------+
         Total |   6657 |   6564 |     93 |   3091 |   1780 |   7 |  951.0 |
       Dungeon |   5974 |   5881 |     93 |   2708 |   1780 |   6 |  995.7 |
         Sewer |    682 |    682 |      0 |    383 |      0 |   1 |  682.0 |
               +--------+--------+--------+--------+--------+-----+--------+

Top non-repeatable levels by time:
     D:2: 1708 daAuts
     D:1: 1397 daAuts
     D:4: 1048 daAuts
     D:5: 905 daAuts
     D:3: 860 daAuts
   Sewer: 682 daAuts
     D:6: 53 daAuts
